Map: Overgrowth LE (Void)

Players

harstem - Winner!

  • Race: Protoss Protoss
  • Spawn Location: 7:00

Nerchio

  • Race: Zerg Zerg
  • Spawn Location: 1:00

Event: WESG 2016 Finals

VOD

Have the link to the VOD?

Description

Time

  • Played on: Jan. 11, 2017, 11:23 p.m.
  • Length: 16:09

All games in this series

Show
View Real Time Build Order
Export as new Build Order

harstem Protoss - Winner!

Build Orders: 1 Gate Expand, Zealot Archon, Dark Templar Rush 

Get SALT Encoding   

  12  0:00  Probe (Chrono Boost)  
  13  0:11  Probe (Chrono Boost)  
  14  0:19  Pylon  
  14  0:22  Probe (Chrono Boost)  
  15  0:37  Probe (Chrono Boost)  
  15  0:39  Gateway  
  16  0:46  Assimilator  
  16  0:48  Probe (Chrono Boost)  
  17  0:58  Probe (Chrono Boost)  
  18  1:09  Probe (Chrono Boost)  
  19  1:19  Probe (Chrono Boost)  
  19  1:22  Nexus  
  20  1:32  Cybernetics Core  
  20  1:34  Probe (Chrono Boost)  
  21  1:43  Assimilator  
  21  1:45  Probe (Chrono Boost)  
  22  1:50  Pylon  
  22  1:55  Probe (Chrono Boost)  
  23  2:05  Adept  
  23  2:07  Warp Gate  
  26  2:09  Probe (Chrono Boost)  
  26  2:16  Twilight Council  
  26  2:21  Probe (Chrono Boost)  
  27  2:32  Probe (Chrono Boost)  
  27  2:33  Robotics Facility  
  27  2:36  Probe (Chrono Boost)  
  29  2:42  Probe (Chrono Boost)  
  30  2:47  Probe (Chrono Boost)  
  31  2:53  Probe (Chrono Boost)  
  31  2:57  Probe (Chrono Boost)  
  33  3:01  Dark Shrine  
  33  3:03  Probe (Chrono Boost)  
  34  3:07  Gateway  
  34  3:09  Probe (Chrono Boost)  
  35  3:14  Probe (Chrono Boost)  
  35  3:16  Warp Prism  
  37  3:26  Probe (Chrono Boost), Mothership Core (Chrono Boost)  
  41  3:28  Pylon  
  41  3:32  Adept  
  43  3:39  Probe (Chrono Boost)  
  44  3:44  Assimilator  
  44  3:45  Pylon  
  44  3:46  Probe (Chrono Boost)  
  45  3:51  Probe (Chrono Boost)  
  46  3:57  Probe (Chrono Boost)  
  46  4:01  Probe (Chrono Boost)  
  48  4:09  Probe (Chrono Boost)  
  49  4:12  Probe (Chrono Boost)  
  49  4:16  Dark Templar x2  
  54  4:21  Probe (Chrono Boost)  
  54  4:22  Nexus, Pylon  
  54  4:23  Probe (Chrono Boost)  
  56  4:27  Resonating Glaives  
  56  4:34  Probe (Chrono Boost)  
  58  4:41  Immortal  
  57  4:47  Pylon  
  57  4:50  Gateway  
  61  4:52  Gateway  
  61  4:54  Assimilator  
  61  4:59  Gateway  
  61  5:02  Archon  
  63  5:07  Probe (Chrono Boost)  
  63  5:08  Gateway x2  
  63  5:13  Dark Templar  
  63  5:14  Dark Templar  
  66  5:19  Pylon  
  66  5:20  Archon  
  66  5:28  Probe x2 (Chrono Boost)  
  68  5:36  Probe (Chrono Boost)  
  68  5:40  Probe (Chrono Boost)  
  70  5:50  Adept x3  
  70  5:55  Probe (Chrono Boost)  
  70  5:56  Probe (Chrono Boost)  
  70  5:57  Probe (Chrono Boost)  
  79  5:58  Forge  
  79  6:01  Dark Templar x2  
  83  6:05  Dark Templar x2  
  83  6:06  Archon  
  83  6:09  Probe x2 (Chrono Boost)  
  83  6:10  Probe (Chrono Boost), Pylon  
  83  6:11  Archon  
  90  6:19  Adept  
  90  6:20  Adept x2  
  90  6:22  Probe (Chrono Boost)  
  98  6:26  Probe (Chrono Boost)  
  98  6:27  Probe (Chrono Boost)  
  100  6:32  Protoss Ground Weapons Level 1  
  100  6:34  Probe (Chrono Boost)  
  100  6:37  Probe (Chrono Boost)  
  100  6:39  Probe (Chrono Boost)  
  98  6:40  Pylon  
  98  6:42  Adept x4  
  98  6:43  Pylon  
  98  6:46  Probe (Chrono Boost)  
  99  6:47  Probe (Chrono Boost)  
  99  6:48  Adept x3  
  99  6:50  Assimilator  
  99  6:51  Probe (Chrono Boost)  
  107  6:55  Pylon  
  107  6:56  Assimilator  
  107  6:57  Sentry, Charge  
  107  6:58  Pylon  
  107  7:00  Pylon  
  109  7:05  Immortal  
  113  7:16  Zealot  
  113  7:17  Zealot x4  
  113  7:22  Probe (Chrono Boost)  
  124  7:24  Pylon  
  124  7:26  Gateway  
  124  7:28  Pylon  
  124  7:32  Zealot, Sentry  
  124  7:37  Pylon  
  128  7:38  Pylon  
  128  7:40  Immortal  
  128  7:41  Zealot x2, Pylon  
  132  7:50  Zealot x2  
  140  8:02  Photon Cannon  
  140  8:07  Dark Templar  
  140  8:08  Dark Templar x2  
  140  8:09  Dark Templar  
  148  8:14  Archon x2  
  148  8:15  Warp Prism  
  150  8:26  Dark Templar x2, Zealot  
  156  8:32  Archon  
  156  8:40  Protoss Ground Weapons Level 2  
  154  8:43  Dark Templar  
  154  8:44  Dark Templar, Zealot x2, Nexus  
  154  8:45  Pylon  
  154  8:47  Probe (Chrono Boost)  
  164  8:49  Probe (Chrono Boost)  
  164  8:54  Immortal  
  168  8:59  Archon  
  168  9:08  Dark Templar x2, Zealot x2  
  174  9:19  Robotics Facility  
  158  9:33  Zealot x6, Observer  
  165  9:39  Probe (Chrono Boost)  
  162  9:48  Photon Cannon  
  162  9:49  Dark Templar x2, Photon Cannon, Probe (Chrono Boost)  
  162  9:52  Photon Cannon  
  167  9:53  Immortal  
  167  9:55  Archon x2  
  171  10:03  Assimilator x2  
  171  10:10  Immortal  
  175  10:21  Probe (Chrono Boost)  
  174  10:24  Photon Cannon  
  174  10:27  Dark Templar, Zealot x2  
  174  10:28  Zealot x4  
  188  10:29  Observer  
  189  10:37  Photon Cannon  
  189  10:49  Zealot x3  
  191  11:02  Immortal, Observer  
  177  11:09  Zealot x3  
  177  11:10  Zealot x5  
  186  11:18  Immortal  
  182  11:19  Probe (Chrono Boost)  
  173  11:30  Protoss Ground Weapons Level 3  
  173  11:31  Sentry, Probe (Chrono Boost)  
  170  11:36  Immortal  
  170  11:39  Dark Templar, Zealot x4, Probe (Chrono Boost)  
  169  11:50  Zealot x2  
  169  11:52  Immortal  
  160  12:04  Zealot x3  
  160  12:05  Zealot x2  
  170  12:10  Robotics Facility, Immortal  
  158  12:17  Probe (Chrono Boost)  
  143  12:26  Immortal  
  143  12:28  Dark Templar x4  
  143  12:29  Dark Templar x2  
  155  12:35  Archon x2  
  155  12:36  Archon  
  159  12:39  Probe (Chrono Boost)  
  159  12:42  Probe (Chrono Boost)  
  161  12:44  Immortal  
  161  12:47  Zealot x2  
  169  12:53  Robotics Bay  
  169  13:00  Zealot x4  
  169  13:03  Dark Templar x2  
  181  13:14  Templar Archives  
  185  13:34  Disruptor  
  185  13:39  Disruptor x2  
  190  13:44  Psionic Storm  
  189  13:54  High Templar  
  189  13:55  High Templar  
  177  14:05  Disruptor  
  177  14:09  Zealot x6  
  189  14:15  Disruptor  
  189  14:16  Disruptor  
  196  14:32  Zealot x2  
  196  14:33  Zealot  
  196  14:37  Nexus  
  200  14:39  Observer  
  200  14:40  Pylon  
  200  14:45  Dark Templar x2, Zealot x2  
  197  14:59  Observer, Disruptor  
  185  15:11  Zealot x6  
  193  15:19  Observer  
  184  15:37  Zealot x2  
  184  15:38  Zealot x6  
  170  16:00  Zealot x8  
Show
View Real Time Build Order
Export as new Build Order

Nerchio Zerg 

Build Orders: Hatch First, Lurkers 

Get SALT Encoding   

  12  0:00  Drone  
  13  0:12  Overlord  
  13  0:17  Drone  
  14  0:30  Drone x2  
  14  0:34  Drone  
  17  0:51  Hatchery  
  17  0:54  Drone  
  17  0:58  Drone  
  18  1:04  Extractor  
  17  1:13  Spawning Pool  
  17  1:17  Drone  
  17  1:19  Drone  
  18  1:27  Drone  
  19  1:38  Overlord  
  19  1:49  Drone  
  20  2:00  Queen, Zergling x2  
  23  2:03  Queen  
  23  2:05  Metabolic Boost  
  25  2:09  Drone  
  25  2:12  Drone  
  27  2:15  Drone  
  27  2:21  Drone  
  29  2:25  Zergling x2  
  30  2:36  Hatchery  
  29  2:39  Drone  
  29  2:42  Drone  
  29  2:44  Drone  
  32  2:49  Overlord  
  32  2:53  Drone  
  32  2:57  Drone  
  34  3:07  Queen  
  34  3:08  Drone x2  
  34  3:09  Drone x2  
  34  3:12  Drone  
  41  3:15  Overlord  
  41  3:19  Zergling x4  
  43  3:21  Zergling x2  
  43  3:27  Overlord  
  44  3:35  Drone  
  44  3:36  Drone  
  44  3:37  Drone  
  44  3:38  Lair  
  44  3:41  Drone x3  
  49  3:48  Roach Warren  
  49  3:49  Drone  
  49  3:50  Drone  
  49  3:53  Drone  
  52  3:56  Drone  
  52  3:58  Extractor  
  52  3:59  Drone, Extractor  
  52  4:12  Spore Crawler  
  52  4:15  Zergling x2  
  52  4:16  Zergling x12  
  58  4:18  Zergling x2  
  57  4:35  Overseer  
  57  4:36  Overseer  
  57  4:37  Drone x7  
  64  4:45  Drone  
  64  4:46  Drone  
  64  4:49  Overlord  
  64  4:51  Overlord  
  66  4:53  Overlord  
  66  4:54  Glial Reconstitution  
  66  4:58  Evolution Chamber  
  65  5:01  Overlord  
  65  5:05  Overlord  
  65  5:06  Overlord, Queen  
  65  5:07  Overlord  
  67  5:09  Drone  
  67  5:10  Drone  
  67  5:12  Drone  
  70  5:20  Drone x5  
  75  5:23  Extractor  
  75  5:26  Zerg Missile Weapons Level 1  
  75  5:28  Roach x2  
  78  5:31  Roach x2  
  82  5:36  Roach x2  
  84  5:46  Drone x2, Roach x2  
  84  5:48  Drone x3  
  92  5:55  Drone, Overlord  
  92  5:56  Overseer  
  93  5:58  Drone x3  
  93  5:59  Drone  
  93  6:00  Extractor  
  93  6:01  Extractor  
  95  6:07  Drone  
  95  6:08  Drone  
  95  6:10  Drone  
  95  6:11  Drone, Hatchery  
  97  6:12  Drone  
  97  6:17  Hydralisk Den  
  98  6:19  Ravager x5  
  98  6:21  Zergling x4  
  98  6:23  Roach x2  
  112  6:25  Roach  
  112  6:26  Roach  
  112  6:27  Roach  
  112  6:31  Roach  
  117  6:33  Roach  
  117  6:39  Roach  
  118  6:45  Ravager  
  122  6:49  Roach x2  
  122  6:51  Ravager, Hatchery  
  118  6:56  Roach x2  
  121  7:04  Queen  
  123  7:10  Overseer  
  123  7:15  Overlord  
  121  7:23  Lurker Den  
  121  7:24  Hatchery  
  121  7:28  Overlord x2  
  120  7:45  Overlord  
  120  7:46  Queen  
  122  7:53  Overlord  
  122  7:56  Hydralisk  
  123  7:59  Overseer  
  123  8:03  Baneling Nest  
  123  8:04  Hydralisk x5  
  132  8:10  Hydralisk  
  132  8:29  Zerg Missile Weapons Level 2  
  132  8:31  Overlord x3  
  132  8:34  Zergling x10  
  137  8:35  Overlord x2  
  137  8:47  Hydralisk  
  139  8:50  Lurker x2  
  139  8:51  Lurker x4  
  139  8:52  Zergling x12  
  139  8:54  Hydralisk  
  153  8:59  Drone x3  
  153  9:00  Drone x2  
  153  9:02  Drone  
  159  9:03  Drone  
  159  9:05  Lurker  
  161  9:10  Hydralisk  
  161  9:11  Hydralisk  
  161  9:13  Hydralisk  
  161  9:16  Hydralisk  
  160  9:23  Zergling x6  
  162  9:26  Hydralisk  
  162  9:27  Hydralisk x2  
  162  9:32  Zergling x2  
  162  9:33  Zergling x6  
  165  9:38  Hydralisk  
  165  9:39  Hydralisk  
  165  9:45  Hydralisk x2  
  167  9:48  Centrifical Hooks  
  167  9:51  Hydralisk x2  
  175  9:53  Lurker  
  175  9:56  Drone x3  
  175  9:57  Extractor  
  178  10:01  Drone x4  
  178  10:05  Overlord  
  182  10:08  Muscular Augments  
  180  10:23  Lurker x2  
  180  10:26  Lurker  
  180  10:27  Zergling x10  
  188  10:42  Lurker x2  
  190  10:45  Baneling x4, Zerg Melee Weapons Level 1  
  190  10:50  Overlord x2  
  187  11:00  Hydralisk  
  187  11:01  Hydralisk x3  
  182  11:10  Hydralisk x4  
  183  11:12  Zergling x18  
  187  11:19  Hydralisk x3  
  187  11:24  Zergling x10  
  191  11:26  Zergling x2  
  191  11:27  Zergling x2  
  181  11:33  Queen  
  181  11:34  Hydralisk x5  
  186  11:40  Overseer  
  150  11:55  Hydralisk x4  
  150  11:59  Hydralisk  
  137  12:02  Drone x2  
  137  12:03  Drone x2, Hydralisk  
  142  12:12  Hydralisk x2  
  136  12:17  Zergling x12  
  136  12:21  Hydralisk  
  143  12:23  Hydralisk  
  143  12:24  Hydralisk  
  143  12:28  Drone  
  143  12:29  Drone  
  149  12:32  Hydralisk  
  149  12:33  Hydralisk  
  150  12:37  Hydralisk  
  150  12:42  Hydralisk  
  154  12:47  Hydralisk  
  154  12:50  Zergling x10  
  161  12:53  Hydralisk  
  161  12:56  Overseer  
  163  13:00  Zergling x6  
  165  13:13  Spore Crawler  
  165  13:14  Drone x3, Spine Crawler x2  
  165  13:18  Baneling x6  
  165  13:22  Zergling x2  
  165  13:23  Zergling x2  
  167  13:27  Zerg Melee Weapons Level 2  
  167  13:32  Overlord  
  167  13:34  Overlord  
  167  13:41  Baneling x7  
  162  13:50  Overlord x2  
  154  13:56  Zergling x12  
  159  14:03  Overseer  
  159  14:06  Spine Crawler  
  158  14:11  Pneumatized Carapace  
  158  14:18  Baneling, Spine Crawler  
  158  14:19  Hydralisk x2, Baneling x5  
  158  14:23  Hydralisk  
  163  14:35  Hydralisk  
  159  14:39  Hydralisk x4  
  159  14:43  Hydralisk  
  158  14:46  Hydralisk  
  160  14:55  Hydralisk x2  
  164  15:02  Zergling x10  
  164  15:03  Zergling x2  
  164  15:04  Zergling x2  
  163  15:13  Zergling x8  
  167  15:14  Zergling x2  
  167  15:16  Zergling x2  
  167  15:17  Zergling x2  
  167  15:20  Zergling x2  
  166  15:23  Zergling x4  
  166  15:26  Baneling x3  
  166  15:28  Zergling x2  
  169  15:33  Zergling x2  
  169  15:34  Zergling x2  
  169  15:35  Zergling x2  
  142  15:37  Zergling x2  
  142  15:39  Zergling x2  
  142  15:41  Baneling x5  
  121  15:44  Hydralisk  
Tags
 
Add a new tag
Caveats
  • Supply blocks, unpowered buildings, or Contaminate may cause inaccurate times.
  • Supply counts are checked every 10 seconds.